 Dungeon Crawl Stone Soup version 0.31-a0-460-g9e667d4245 (webtiles) character file.

Game seed: 16620029638136037340

13314 ytrimaz the Grappler (level 11, -2/67 HPs)
             Began as a Demonspawn Shapeshifter on Aug 4, 2023.
             Was a Believer of Hepliaklqana.
             Slain by a large slime creature (27 damage)
             ... on level 11 of the Dungeon.
             The game lasted 00:16:32 (9909 turns).

ytrimaz the Grappler (Demonspawn Shapeshifter)      Turns: 9909, Time: 00:16:33

Health: -2/67      AC: 15    Str: 15    XL:     11   Next: 74%
Magic:  16/16      EV: 19    Int: 11    God:    Hepliaklqana [**....]
Gold:   103        SH:  0    Dex: 14    Spells: 10/10 levels left

rFire   + .          .
                       - Unarmed
rCold   . . .        (no shield)
rNeg    + + .        O - +4 ring mail {rF+}
rPois   +            (helmet currently unavailable)
rElec   +            (cloak currently unavailable)
rCorr   +            (gloves currently unavailable)
SInv    .            (boots unavailable)
Will    .....        q - amulet of regeneration
Stlth   ++           A - ring "Wemahiw" {rPois rCorr Str-5 Int+4 Stlth+}
HPRegen 1.11/turn    j - ring "Jitinarch" {rElec rN++ EV+5 Int-2}
MPRegen 0.15/turn

%: no passive effects
@: beast-form, sanguine armoured
A: beast (slay +6), reduced essence, hooves 3, spiny 1, sanguine armour 1
a: Begin Untransformation, Renounce Religion, Recall Ancestor, Ancestor Identity


You were on level 11 of the Dungeon.
You worshipped Hepliaklqana.
Hepliaklqana was pleased with you.
You were a hulking beast.
You visited 2 branches of the dungeon, and saw 12 of its levels.
You also visited: Ossuary.

You collected 657 gold pieces.
You spent 554 gold pieces at shops.


Innate Abilities, Weirdness & Mutations

You are a hulking beast.
Your limbs bulge with bestial killing power. (Slay +6)
Your life essence is reduced to manifest your ancestor. (-10% HP)
You have hooves in place of feet.
You are partially covered in sharp spines.
When seriously injured, your blood forms armour. (AC +6)


   Skills:
 - Level 3.1 Fighting
 + Level 9.2 Dodging
 - Level 10.0 Unarmed Combat
 - Level 7.0 Invocations
 * Level 9.0 Shapeshifting


You had 10 spell levels left.
You didn't know any spells.
Your spell library contained the following spells:

 Spells                   Type           Power      Damage    Failure   Level
 Kiss of Death            Conj/Necr      0%         2d5       56%         1
 Lesser Beckoning         Tloc           0%         N/A       71%         2
 Confusing Touch          Hex            0%         N/A       91%         3
 Gell's Gravitas          Tloc           0%         N/A       91%         3
 Hailstorm                Conj/Ice       0%         3d3       91%         3
 Portal Projectile        Hex/Tloc       0%         N/A       91%         3
 Teleport Other           Tloc           0%         N/A       91%         3
 Tukima's Dance           Hex            0%         N/A       91%         3
 Dispel Undead            Necr           0%         3d6       100%        4
 Iskenderun's Mystic Bla  Conj/Tloc      0%         2d3       100%        4
 Summon Ice Beast         Ice/Summ       0%         N/A       100%        4
 Simulacrum               Ice/Necr       0%         N/A       100%        6

Inventory:

Missiles
 y - 2 throwing nets
Armour
 a - a +0 animal skin
 C - a +1 helmet of see invisible
   (You found it on level 7 of the Dungeon)
 D - a +0 cloak
   (You found it on level 7 of the Dungeon)
 O - a +4 ring mail of fire resistance (worn)
   (You bought it in a shop on level 11 of the Dungeon)
Jewellery
 h - a +6 ring of intelligence
   (You found it on level 2 of the Dungeon)
 j - the ring "Jitinarch" (right hand) {rElec rN++ EV+5 Int-2}
   (You acquired it on level 9 of the Dungeon)

   [ring of evasion]

   EV:        It affects your evasion (+5).
   Int:       It affects your intelligence (-2).
   rElec:     It insulates you from electricity.
   rN:        It greatly protects you from negative energy.
 k - a ring of magical power
   (You found it on level 2 of the Dungeon)
 n - an amulet of magic regeneration
   (You found it on level 3 of the Dungeon)
 q - an amulet of regeneration (around neck)
   (You found it on level 4 of the Dungeon)
 u - an amulet of guardian spirit
   (You found it in an ossuary)
 A - the ring "Wemahiw" (left hand) {rPois rCorr Str-5 Int+4 Stlth+}
   (You found it on level 8 of the Dungeon)

   [ring of resist corrosion]

   Str:       It affects your strength (-5).
   Int:       It affects your intelligence (+4).
   rPois:     It protects you from poison.
   rCorr:     It protects you from acid and corrosion.
   Stlth:     It makes you more stealthy.
 K - a +6 ring of intelligence
   (You found it on level 11 of the Dungeon)
Talismans
 c - a beast talisman (active)
 g - a blade talisman
   (You found it on level 1 of the Dungeon)
Wands
 m - a wand of roots (7)
   (You found it on level 11 of the Dungeon)
 o - a wand of flame (20)
   (You took it off Sigmund on level 3 of the Dungeon)
 z - a wand of charming (18)
   (You found it on level 6 of the Dungeon)
 I - a wand of mindburst (9) (quivered)
   (You found it on level 7 of the Dungeon)
Scrolls
 b - 2 scrolls of vulnerability
 e - 4 scrolls of teleportation
 f - a scroll of fog
 s - a scroll of immolation
 v - a scroll of enchant weapon
 w - a scroll of silence
 B - a scroll of fear
 E - a scroll of butterflies
 F - a scroll of brand weapon
 G - 2 scrolls of amnesia
 M - a scroll of poison
Potions
 d - 11 potions of curing
 i - 4 potions of heal wounds
 l - a potion of mutation
 p - 2 potions of brilliance
 r - 2 potions of invisibility
 t - a potion of ambrosia
 x - 2 potions of magic
 H - 3 potions of attraction
 L - 2 potions of lignification
 N - a potion of might

Dungeon Overview and Level Annotations

Branches:
Dungeon (11/15) Zot: 26134  Temple (1/1) D:6 Zot: 5964    Lair (0/5) D:9
Ossuary (visited)
    Orc: D:9-12

Altars:
Ashenzari
Cheibriados
Dithmenos
Fedhas
Gozag
Hepliaklqana
Kikubaaqudgha
Makhleb
Nemelex Xobeh
Okawaru
Qazlal
Ru
Sif Muna
Trog
Uskayaw
Vehumet
Wu Jian
Xom
Yredelemnul

Shops:
D:9 *   D:10 [   D:11 **

Annotations:
D:5 3 runed translucent doors, Ofeo's ghost, novice DsWn

#...#.# ###.....######.#.###
#.###.######.......# #......
#.#...#..†...#.....# ###.###
#.###...######.....# #.#
##.....### ###..## #.#
##....##### ######.^## #.#
#.........# #........# #.#
#.........####........### ###'###
#.........#..'..hR....'.###......
#.........'.##.JJJ....#...'......
#.^.......####........#####....#.
#.........# #........# #......
#.........# #........# #....#.
#.........# ####'##### ###+#..
#.........# #.# #..#. #####.#####
#.# ##... ####.### ##.# ###.


You could see the friendly Caesarion the hexer, a large slime creature (ally
target) and 2 slime creatures.


Message History

The slime creature misses you.
The slime creature closely misses you. 😕 HP[+1] Caesarion hits the slime creature with a +0 dagger of draining.
The slime creature is struck by your spines.
The slime creature completely misses you. x2 😕 HP[+1] Unknown command.
The slime creature attacks as you move away!
The slime creature misses you.
The slime creature attacks as you move away!
The slime creature is struck by your spines.
The slime creature hits you but does no damage.
Caesarion casts a spell at the slime creature.
The slime creature easily resists.
The slime creature is struck by your spines.
The slime creature barely misses you.
The slime creature hits Caesarion! 😕 HP[+1]
You punch the slime creature! You kick the slime creature.
Caesarion hits the slime creature with a +0 dagger of draining.
Caesarion drains the slime creature.
Two slime creatures merge to form a large slime creature. 😕 HP[+1]
You punch the slime creature! You punch the slime creature.
Caesarion casts a spell at the slime creature.
The slime creature easily resists.
Two slime creatures merge to form a large slime creature.
The slime creature hits you!
Two slime creatures merge to form a very large slime creature.
Unknown command. 😮 HP[-12]
You take 12 damage, and now have 45/67 hp.
Unknown command.
Really walk into that dispersal trap?
You enter a dispersal trap!
The large slime creature blinks!
The slime creature blinks!
The very large slime creature blinks! x2
Caesarion blinks!
The slime creature blinks!
Caesarion blinks!
The large slime creature blinks!
The slime creature blinks!
Caesarion blinks!
You blink. 😮 HP[+1] Unknown command.
You barely miss the slime creature.
The slime creature is struck by your spines.
The slime creature misses you. 😮 HP[+1]
You hit the slime creature. You kick the slime creature.
You punch the slime creature!
The slime creature is struck by your spines.
The slime creature barely misses you. 😮 HP[+1] Unknown command.
You punch the slime creature!
You kill the slime creature!
Caesarion hits the large slime creature with a +0 dagger of draining!
The very large slime creature hits you!!!
Ouch! That really hurt!
* * * LOW HITPOINT WARNING * * *
Your blood congeals into armour.
A large slime creature splits.
Your Shapeshifting skill increases to level 9! 😱 HP[-45]
You take 45 damage, and now have 3/67 hp.
MASSIVE DAMAGE!! (PAUSE)
Okay, then.
You feel much better.
Caesarion hits the slime creature with a +0 dagger of draining.
The very large slime creature is struck by your spines.
The very large slime creature barely misses you.
The slime creature is struck by your spines.
The slime creature hits you but does no damage.
Caesarion hits the slime creature with a +0 dagger of draining!
The slime creature misses you. 😨 HP[+18]
You regained 18 hp, and now have 21/67 hp.
Unknown command.
Caesarion hits the slime creature with a +0 dagger of draining.
Caesarion drains the slime creature.
The slime creature hits Caesarion!
Caesarion hits the slime creature with a +0 dagger of draining!
The slime creature barely misses you. 😨 HP[+1] Caesarion hits the slime creature with a +0 dagger of draining!
Caesarion drains the slime creature.
The slime creature hits Caesarion!
Caesarion hits the slime creature with a +0 dagger of draining!
The slime creature dies!
The slime creature hits you but does no damage. 😨 HP[+1] Caesarion gestures at the very large slime creature while chanting.
The slime creature easily resists. 😨 HP[+1]
The slime creature attacks as you move away!
The slime creature is struck by your spines.
The slime creature completely misses you.
Caesarion hits the very large slime creature with a +0 dagger of draining!
A very large slime creature splits.
Caesarion hits the large slime creature with a +0 dagger of draining. 😨 HP[+1]
The large slime creature attacks as you move away!
The large slime creature hits you!!
You die...

Skill      XL: |  1  2  3  4  5  6  7  8  9 10 11 |
---------------+----------------------------------+-----
Dodging        | 2 3 4 5 6 8 9 |  9.2
Unarmed Combat | 3 4 5 6 8 9 10 | 10.0
Shapeshifting  | 3 4 5 6 7 9 |  9.0
Fighting       | 3 |  3.1
Invocations    | 5 7 |  7.0

Action                     |  1- 3 |  4- 6 |  7- 9 | 10-12 || total
---------------------------+-------+-------+-------+-------++-------
  Melee: Unarmed           |    91 |   113 |   340 |   222 ||   766
         Punch             |     1 |     6 |    17 |    17 ||    41
         Kick              |    14 |    43 |   117 |    91 ||   265
 Invoke: Ancestor Life: He |       |       |       |     1 ||     1
  Evoke: Wand              |       |       |       |     5 ||     5
    Use: Potion            |     1 |       |       |     2 ||     3
         Scroll            |       |       |    16 |    12 ||    28
   Stab: Distracted        |       |       |       |     2 ||     2
         Confused          |       |       |       |     2 ||     2
 Armour: Animal skin       |    13 |     4 |       |       ||    17
         Skin              |    10 |       |       |       ||    10
         Ring mail         |       |    19 |   127 |    28 ||   174
  Dodge: Dodged            |    46 |    53 |   240 |   138 ||   477

Levels and vault maps discovered:
D:1:      evilmike_arrival_rings, layout_basic, basic_ecumenical_altar
D:2:      layout_basic, basic_altar, uniq_robin
D:3:      minmay_angry_zag, layout_loops_ring, uniq_terence, uniq_sigmund
D:4:      layout_basic, grunt_temple_overflow_open, uniq_blork_the_orc,
          uniq_menkaure
D:5:      layout_loops_corners, ebering_ghost_gozag,
          nicolae_ossuary_entry_ruins, amethyst_killhole, kennysheep_doodads,
          uniq_grinder
D:6:      layout_cave_pools, good_gods_temple_1,
          minmay_temple_entry_enclosed_plants
D:7:      layout_rooms, trog_butcher_becter
D:8:      layout_loops_cross, hellmonk_okawaru_the_only_friend_you_need,
          hangedman_ranch
D:9:      layout_stronghold, hellmonk_lair_entry_icy, serial_shops,
          nicolae_shop_waterfront
D:10:     layout_roguey, serial_shops, nicolae_shop_pleasant_corner_grove
D:11:     layout_roguey, st_stairs_8, nicolae_specific_store,
          statue_in_the_mist_lemuel, uniq_maurice, uniq_gastronok
Temple:   nicolae_temple_no_exploring_needed

Notes
Turn   | Place    | Note
-------+----------+-------------------------------------------
     0 | D:1      | ytrimaz the Demonspawn Shapeshifter began the quest for the
                  | Orb.
     0 | D:1      | Reached XP level 1. HP: 15/15 MP: 1/1
     0 | D:1      | magus.rc [v1.9.6]
   234 | D:1      | Reached skill level 2 in Dodging
   234 | D:1      | Gained mutation: You have large cloven feet. [demonic
                  | ancestry]
   234 | D:1      | Reached XP level 2. HP: 11/21 MP: 2/2
   297 | D:1      | Reached skill level 3 in Unarmed Combat
   562 | D:1      | You pick up a book of the Tundra and begin reading...
   562 | D:1      | You add the spells Hailstorm, Summon Ice Beast and
                  | Simulacrum to your library.
   716 | D:1      | Found a faded altar of an unknown god.
   811 | D:1      | Reached XP level 3. HP: 26/26 MP: 3/3
  1009 | D:2      | Reached skill level 3 in Shapeshifting
  1106 | D:2      | Noticed Robin
  1146 | D:2      | Killed Robin
  1147 | D:2      | Reached XP level 4. HP: 32/32 MP: 4/4
  1370 | D:2      | Found a blossoming altar of Fedhas.
  1745 | D:3      | Reached skill level 4 in Unarmed Combat
  1795 | D:3      | HP: 7/32 [gnoll/+2 flail of protection (8)]
  1800 | D:3      | Gained mutation: When seriously injured, your blood forms
                  | armour. (AC +6) [demonic ancestry]
  1800 | D:3      | Reached XP level 5. HP: 10/37 MP: 5/5
  1928 | D:3      | Noticed Sigmund
  1935 | D:3      | Killed Sigmund
  1936 | D:3      | Reached skill level 3 in Dodging
  1936 | D:3      | Gained mutation: You have hoof-like feet. [demonic
                  | ancestry]
  1936 | D:3      | Reached XP level 6. HP: 42/43 MP: 6/6
  2289 | D:3      | Reached skill level 5 in Unarmed Combat
  2384 | D:3      | Noticed Terence
  2389 | D:3      | Killed Terence
  2808 | D:4      | Noticed Blork the orc
  2817 | D:4      | HP: 9/43 [Blork the orc/+0 broad axe (5)]
  2820 | D:3      | Killed Blork the orc
  3108 | D:4      | Reached XP level 7. HP: 46/48 MP: 7/7
  3185 | D:4      | Reached skill level 4 in Shapeshifting
  3339 | D:4      | Found a shadowy altar of Dithmenos.
  3342 | D:4      | Found an opulent altar of Gozag.
  3345 | D:4      | Found a snail-covered altar of Cheibriados.
  3346 | D:4      | Found a radiant altar of Vehumet.
  3347 | D:4      | Found a sacrificial altar of Ru.
  3407 | D:4      | Reached skill level 4 in Dodging
  3436 | D:4      | Noticed Menkaure
  3458 | D:4      | Killed Menkaure
  3459 | D:4      | Reached skill level 6 in Unarmed Combat
  3887 | D:5      | Entered Level 5 of the Dungeon
  3925 | D:5      | Noticed Grinder
  3934 | D:5      | Paralysed by Grinder for 2 turns
  3942 | D:5      | Killed Grinder
  3943 | D:5      | Reached XP level 8. HP: 33/54 MP: 8/8
  3985 | D:5      | Reached skill level 7 in Unarmed Combat
  4131 | D:5      | Reached skill level 5 in Dodging
  4160 | D:5      | Found a sand-covered staircase.
  4169 | Ossuary  | Entered an ossuary
  4260 | Ossuary  | Reached skill level 5 in Shapeshifting
  4408 | Ossuary  | Reached skill level 8 in Unarmed Combat
  4419 | Ossuary  | Reached XP level 9. HP: 49/59 MP: 9/9
  4595 | D:5      | Found a runed translucent gate.
  4596 | D:5      | Found a runed translucent gate.
  4597 | D:5      | Found a runed translucent gate.
  4598 | D:5      | Found an opulent altar of Gozag.
  4599 | D:5      | Noticed Ofeo's ghost (novice DsWn)
  5119 | D:5      | HP: 14/59 [poisoned by a water moccasin]
  5124 | D:5      | HP: 8/59 [poisoned by a water moccasin]
  5392 | D:6      | Reached skill level 6 in Dodging
  5473 | D:6      | Reached skill level 9 in Unarmed Combat
  5774 | D:6      | You fall into a shaft and drop 3 floors!
  5823 | D:8      | Identified the ring "Wemahiw" {rPois rCorr Str-5 Int+4
                  | Stlth+}
  5863 | D:8      | Found an iron altar of Okawaru.
  5866 | D:8      | HP: 11/59 [+0 spectral flail[a centaur] (5)]
  6003 | D:8      | Reached skill level 6 in Shapeshifting
  6326 | D:6      | Found a staircase to the Ecumenical Temple.
  6332 | Temple   | Entered the Ecumenical Temple
  6360 | Temple   | Became a worshipper of Hepliaklqana the Forgotten
  6622 | D:7      | You pick up a book of Displacement and begin reading...
  6622 | D:7      | You add the spells Lesser Beckoning, Gell's Gravitas and
                  | Teleport Other to your library.
  6636 | D:7      | Gained mutation: You are partially covered in sharp spines.
                  | [demonic ancestry]
  6636 | D:7      | Reached XP level 10. HP: 62/65 MP: 10/10
  6644 | D:7      | You pick up a book of Touch and begin reading...
  6644 | D:7      | You add the spells Kiss of Death, Confusing Touch and
                  | Dispel Undead to your library.
  6875 | D:7      | Found a bloodstained altar of Trog.
  6882 | D:7      | Reached skill level 10 in Unarmed Combat
  7060 | D:8      | Reached skill level 7 in Dodging
  7177 | D:8      | Reached skill level 2 in Fighting
  7238 | D:8      | Noticed a three-headed hydra
  7244 | D:8      | Killed a three-headed hydra
  7245 | D:8      | Reached skill level 7 in Shapeshifting
  7591 | D:9      | Reached skill level 3 in Fighting
  7636 | D:9      | Reached * piety under Hepliaklqana
  7782 | D:9      | Reached skill level 1 in Invocations
  7866 | D:9      | Found a staircase to the Lair.
  7873 | D:9      | Reached skill level 2 in Invocations
  7964 | D:9      | Reached skill level 3 in Invocations
  7976 | D:9      | Reached skill level 4 in Invocations
  8027 | D:9      | Found Osurasm's Assorted Antiques.
  8040 | D:9      | Bought a scroll of identify for 62 gold pieces
  8040 | D:9      | Bought a scroll labelled TIAWKA QYWA for 31 gold pieces
  8040 | D:9      | Bought a purple potion for 27 gold pieces
  8047 | D:9      | Acquired the ring "Jitinarch" {rElec rN++ EV+5 Int-2}
  8219 | D:9      | Noticed a two-headed ogre
  8225 | D:9      | Killed a two-headed ogre
  8226 | D:9      | Reached skill level 8 in Dodging
  8226 | D:9      | Reached skill level 5 in Invocations
  8226 | D:9      | Gained mutation: You have hooves in place of feet. [demonic
                  | ancestry]
  8226 | D:9      | Reached XP level 11. HP: 67/67 MP: 14/14
  8416 | D:10     | Entered Level 10 of the Dungeon
  8479 | D:10     | You pick up a book of Weapons and begin reading...
  8479 | D:10     | You add the spells Tukima's Dance, Portal Projectile and
                  | Iskenderun's Mystic Blast to your library.
  8655 | D:10     | Found Haar's Armour Boutique.
  9083 | D:11     | Reached skill level 6 in Invocations
  9108 | D:11     | Noticed a boulder beetle
  9147 | D:11     | Killed a boulder beetle
  9243 | D:11     | Found Viumief's General Store.
  9247 | D:11     | Found Nozetab's Specific Store.
  9307 | D:11     | Bought a +4 ring mail of fire resistance for 434 gold
                  | pieces
  9327 | D:11     | Reached ** piety under Hepliaklqana
  9372 | D:11     | Remembered your ancestor Caesarion as a hexer
  9380 | D:11     | Reached skill level 7 in Invocations
  9462 | D:11     | Noticed Maurice
  9469 | D:11     | Killed Maurice
  9470 | D:11     | Reached skill level 8 in Shapeshifting
  9694 | D:11     | Noticed a two-headed ogre
  9694 | D:11     | Noticed Gastronok
  9702 | D:11     | Killed a two-headed ogre
  9722 | D:11     | Killed Gastronok
  9723 | D:11     | Reached skill level 9 in Dodging
  9903 | D:11     | HP: 3/67 [very large slime creature (46)]
  9904 | D:11     | Reached skill level 9 in Shapeshifting
  9909 | D:11     | Slain by a large slime creature

Vanquished Creatures
  Gastronok (D:11)
  A hydra (D:8)
  2 two-headed ogres
  A boulder beetle (D:11)
  A manticore (D:11)
  A gargoyle (D:11)
  2 unseen horrors (D:11)
  A polar bear (D:9)
  Grinder (D:5)
  2 dream sheep (D:8)
  A slime creature (D:11)
  Sigmund (D:3)
  2 wyverns
  2 wraiths
  5 yaks (D:9)
  A basilisk (D:11)
  2 steam dragons
  4 vampire mosquitoes (D:11)
  Menkaure (D:4)
  3 water moccasins
  An orc warrior (D:7)
  A black bear (D:5)
  5 ice beasts
  3 sky beasts (D:7)
  3 wolves (D:9)
  2 centaurs
  An ogre (D:5)
  A phantom (D:5)
  Blork the orc (D:3)
  A bullfrog (D:7)
  4 kobold brigands
  12 scorpions
  10 wights
  3 killer bees (D:10)
  A howler monkey (D:10)
  2 centaur zombies (Ossuary)
  A jelly (D:6)
  2 hounds
  3 gnoll boudas
  4 orc priests
  3 human zombies (Ossuary)
  3 iguanas
  Terence (D:3)
  A sleepcap (D:3)
  5 orc wizards
  4 scorpion zombies (Ossuary)
  3 mummies (Ossuary)
  Robin (D:2)
  19 gnolls
  9 adders
  2 white imps (D:7)
  2 worms (D:2)
  A dart slug (D:1)
  26 orcs
  14 endoplasms
  3 giant cockroaches
  2 gnoll zombies (Ossuary)
  13 goblins
  9 hobgoblins
  2 jackals (D:2)
  3 quokkas
  9 ball pythons
  4 bats
  2 frilled lizards
  2 goblin zombies (Ossuary)
  A hobgoblin zombie (Ossuary)
  13 kobolds
  3 kobold zombies (Ossuary)
  2 orc zombies (Ossuary)
  3 rats
261 creatures vanquished.

Vanquished Creatures (collateral kills)
  Maurice (D:11)
  A slime creature (D:11)
  An orc wizard (D:10)
  4 kobolds (D:10)
7 creatures vanquished.

Vanquished Creatures (others)
  5 ancestors
  2 hexers (D:11)
7 creatures vanquished.

Grand Total: 275 creatures vanquished

Table legend:
 A = Non-vault XP
 B = Vault XP
 C = Vault XP percentage of total XP
 D = Non-vault monster count
 E = Vault monster count
 F = Vault count percentage of total count
                 A         B        C        D         E       F
            +---------+---------+-------+---------+---------+-------
      Total |   11178 |    7843 |  41.2 |     201 |      67 |  25.0
            +---------+---------+-------+---------+---------+-------
        D:1 |      43 |       0 |   0.0 |      23 |       0 |   0.0
        D:2 |      90 |      35 |  28.0 |      22 |      12 |  35.3
        D:3 |     161 |     355 |  68.8 |      22 |       5 |  18.5
        D:4 |     288 |     165 |  36.4 |      27 |       1 |   3.6
        D:5 |    1003 |     267 |  21.0 |      14 |       1 |   6.7
        D:6 |    1009 |       0 |   0.0 |      24 |       0 |   0.0
        D:7 |     954 |     327 |  25.5 |      17 |       4 |  19.0
        D:8 |     823 |    1666 |  66.9 |      10 |       6 |  37.5
        D:9 |    2552 |     639 |  20.0 |      13 |       4 |  23.5
       D:10 |     635 |       0 |   0.0 |      17 |       0 |   0.0
       D:11 |    3620 |    3288 |  47.6 |      12 |       4 |  25.0
    Ossuary |       0 |    1101 | 100.0 |       0 |      30 | 100.0
            +---------+---------+-------+---------+---------+-------

Skill      XL: |  1  2  3  4  5  6  7  8  9 10 11 |
---------------+----------------------------------+-----
Dodging        | 2 3 4 5 6 8 9 |  9.2
Unarmed Combat | 3 4 5 6 8 9 10 | 10.0
Shapeshifting  | 3 4 5 6 7 9 |  9.0
Fighting       | 3 |  3.1
Invocations    | 5 7 |  7.0

Action                     |  1- 3 |  4- 6 |  7- 9 | 10-12 || total
---------------------------+-------+-------+-------+-------++-------
  Melee: Unarmed           |    91 |   113 |   340 |   222 ||   766
         Punch             |     1 |     6 |    17 |    17 ||    41
         Kick              |    14 |    43 |   117 |    91 ||   265
 Invoke: Ancestor Life: He |       |       |       |     1 ||     1
  Evoke: Wand              |       |       |       |     5 ||     5
    Use: Potion            |     1 |       |       |     2 ||     3
         Scroll            |       |       |    16 |    12 ||    28
   Stab: Distracted        |       |       |       |     2 ||     2
         Confused          |       |       |       |     2 ||     2
 Armour: Animal skin       |    13 |     4 |       |       ||    17
         Skin              |    10 |       |       |       ||    10
         Ring mail         |       |    19 |   127 |    28 ||   174
  Dodge: Dodged            |    46 |    53 |   240 |   138 ||   477

Illustrated notes

Table legend:
 A = Kills in this place as a percentage of kills in the entire game.
 B = Kills by you in this place as a percentage of kills by you in the entire game.
 C = Kills by friends in this place as a percentage of kills by friends in the entire game.
 D = Other kills in this place as a percentage of other kills in the entire game.
 E = Experience gained in this place as a percentage of experience gained in the entire game.
 F = Experience gained in this place divided by the number of levels of this place that you have seen.
                   A       B       C       D       E      F
               +-------+-------+-------+-------+-------+----------------------
         Total | 100.0 | 100.0 | 100.0 |   N/A | 100.0 | 1463.2
       Dungeon |  88.8 |  88.5 | 100.0 |   N/A |  94.2 | 1629.1
       Ossuary |  11.2 |  11.5 |   0.0 |   N/A |   5.8 | 1101.0
               +-------+-------+-------+-------+-------+----------------------

Table legend: (Time is in decaauts)
 A = Elapsed time spent in this place.
 B = Non-inter-level travel time spent in this place.
 C = Inter-level travel time spent in this place.
 D = Time resting spent in this place.
 E = Time spent auto-exploring this place.
 F = Levels seen in this place.
 G = Mean time per level.
                   A        B        C        D        E       F      G
               +--------+--------+--------+--------+--------+-----+--------+
         Total |   9787 |   9559 |    228 |    392 |   7011 |  13 |  752.8 |
       Dungeon |   9361 |   9133 |    228 |    375 |   6869 |  11 |  851.0 |
        Temple |     35 |     35 |      0 |      0 |      0 |   1 |   35.0 |
       Ossuary |    389 |    389 |      0 |     17 |    142 |   1 |  389.0 |
               +--------+--------+--------+--------+--------+-----+--------+

Top non-repeatable levels by time:
     D:3: 1343 daAuts
     D:5: 1050 daAuts
     D:1: 1001 daAuts
    D:11: 858 daAuts
     D:9: 832 daAuts
     D:4: 790 daAuts
     D:8: 779 daAuts
     D:6: 740 daAuts
     D:2: 731 daAuts
     D:7: 638 daAuts
    D:10: 594 daAuts
 Ossuary: 389 daAuts
  Temple: 35 daAuts
